 Dungeon Crawl Stone Soup version 0.21-a0-349-g0c35859 (webtiles) character file.

112 vishdafish the Skirmisher (level 4, -8/35 HPs)
             Began as a Demonspawn Fighter on Oct 7, 2017.
             Mangled by vishdafish's ghost (12 damage)
             ... on level 3 of the Dungeon.
             The game lasted 00:03:13 (2331 turns).

vishdafish the Skirmisher (Demonspawn Fighter)      Turns: 2331, Time: 00:03:14

Health: -8/35      AC:  7    Str: 21    XL:     4   Next: 63%
Magic:  4/4        EV:  7    Int: 10    God:
Gold:   118        SH:  8    Dex: 13    Spells: 3/3 levels left

rFire    . . .     SeeInvis .   a - +0 long sword
rCold    . . .     Gourm    .   c - +0 shield
rNeg     . . .     Faith    .   b - +0 scale mail
rPois    .         Spirit   .   (no helmet)
rElec    .         Reflect  .   r - +0 cloak
rCorr    .         Harm     .   (no gloves)
MR       .....                  (no boots)
Stlth    ..........             (no amulet)
HPRegen  0.11/turn              (no ring)
MPRegen  0.09/turn              (no ring)

@: mighty, heavily drained
A: claws 1, powered by death 1
a: no special abilities


You were on level 3 of the Dungeon.
You were hungry.

You visited 1 branch of the dungeon, and saw 4 of its levels.

You collected 118 gold pieces.

Inventory:

Hand Weapons
 a - a +0 long sword (weapon)
Armour
 b - a +0 scale mail (worn)
 c - a +0 shield (worn)
 r - a +0 cloak (worn)
Wands
 f - a wand of flame (30/48)
Scrolls
 e - 2 scrolls of recharging {unknown}
 n - 4 scrolls of remove curse {unknown}
 p - 3 scrolls of amnesia {unknown}
Potions
 h - 2 potions of flight {unknown}
 i - a potion of agility {unknown}
 j - 3 potions of berserk rage {unknown}
 k - 2 potions of heal wounds {unknown}
 m - a potion of haste {unknown}
 q - a potion of brilliance {unknown}
Comestibles
 g - 2 royal jellies
 l - a fruit
 o - a meat ration


   Skills:
 + Level 3.4(2.1) Fighting
 * Level 3.0(1.7) Long Blades
 + Level 3.1(1.8) Armour
 + Level 1.3(0.1) Dodging
 + Level 3.1(1.8) Shields


You had 3 spell levels left.
You didn't know any spells.

Dungeon Overview and Level Annotations

Branches:
Dungeon (4/15)
 Temple: D:4-7

Altars:
Ru

Annotations:
D:3 Pikel; vishdafish's ghost, amateur DsFi


Innate Abilities, Weirdness & Mutations

You have sharp fingernails.
You regenerate a little health from kills.


Message History

Pikel the Slaver comes into view.
He is wielding a whip of freezing.
You closely miss the slave.
The slave is moderately wounded.
You are feeling hungry.
The slave hits you but does no damage. The slave hits you.
You barely miss the slave.
The slave is moderately wounded.
The slave completely misses you.
You closely miss the slave.
The slave is moderately wounded.
You block the slave's attack.
You closely miss Pikel. Pikel hits you with a whip of freezing!
* * * LOW HITPOINT WARNING * * *
Pikel freezes you.
* * * LOW HITPOINT WARNING * * *
Pikel hits you but does no damage.
You climb upwards.
Level annotation: vishdafish's ghost, amateur DsFi Vishdafish's ghost hits you!
You die...

. #...#.# #.# #...##.#.
######...#.# #.####>..##.#.
...........# #....'...+....
#...##...#.# ######...##.#.
...........#######.......#.
................##.#######.
#.####..#..####. #.# #. #
#..#WK# #.##.#### ##
#..##@# #.......#####
#..#### ####......... #.##
#.######## #. #.# #. #.#
#.# #.# #.


You could see Pikel and vishdafish's ghost.

Vanquished Creatures
  5 adders
  An ooze (D:2)
  A worm (D:3)
  3 dart slugs
  4 orcs (D:3)
  3 giant cockroaches
  5 goblins
  7 hobgoblins
  A quokka (D:2)
  4 bats
  3 frilled lizards
  9 kobolds
  6 rats
52 creatures vanquished.

Notes
Turn   | Place    | Note
-------+----------+-------------------------------------------
     0 | D:1      | vishdafish the Demonspawn Fighter began the quest for the Orb.
     0 | D:1      | Reached XP level 1. HP: 18/18 MP: 1/1
   141 | D:1      | Gained mutation: You regenerate a little health from kills. [demonic ancestry]
   141 | D:1      | Reached XP level 2. HP: 24/24 MP: 2/2
   596 | D:2      | Reached XP level 3. HP: 24/29 MP: 3/3
   874 | D:2      | Found a sacrificial altar of Ru.
  1030 | D:2      | Reached skill level 1 in Dodging
  1583 | D:3      | Gained mutation: You have sharp fingernails. [demonic ancestry]
  1583 | D:3      | Reached XP level 4. HP: 35/35 MP: 4/4
  1671 | D:3      | Found a faded altar of an unknown god.
  2274 | D:3      | Noticed vishdafish's ghost (amateur DsFi)
  2323 | D:4      | Noticed a slave
  2323 | D:4      | Noticed a slave
  2325 | D:4      | Noticed a slave
  2326 | D:4      | Noticed Pikel
  2331 | D:3      | Mangled by vishdafish's ghost

Vault maps used:
D:1:      scummos_arrival_simple_crosswalls
D:2:      cheibrodos_helix_gallery, nicolae_ru_sacrificial_ziggurat
D:3:      chequers_ecumenical_altar_island
D:4:      tso_oasis_becter, lemuel_crystal_altar, lemuel_blue_sif_altar,
          serial_shops, shop, uniq_pikel

Skill      XL: |  1  2  3  4 |
---------------+-------------+-----
Long Blades    | 2 3 |  3.0
Armour         | 3 |  3.1
Shields        | 3 |  3.1
Dodging        | 1 |  1.3
Fighting       | |  3.4

Action                   |  1- 3 |  4- 6 || total
-------------------------+-------+-------++-------
Melee: Long sword        |   131 |    55 ||   186
Evoke: Wand              |       |     1 ||     1
  Use: Potion            |     1 |     1 ||     2
  Eat: Bread ration      |     1 |       ||     1
Armor: Scale mail        |    56 |    34 ||    90
Dodge: Dodged            |    41 |    16 ||    57
Block: Shield            |    65 |    25 ||    90
       Rpst.: Long sword |    10 |     4 ||    14

Table legend:
 A = Spawn XP
 B = Non-spawn XP
 C = Spawn XP percentage of total XP
 D = Spawn monster count
 E = Non-spawn monster count
 F = Spawn count percentage of total count
 G = Total turns spent on level
                    A         B        C        D         E        F      G
               +---------+---------+-------+---------+---------+-------+---------
         Total |       0 |     160 |   0.0 |       0 |      52 |   0.0 |  2331
               +---------+---------+-------+---------+---------+-------+---------
           D:1 |       0 |      26 |   0.0 |       0 |      17 |   0.0 |   537
           D:2 |       0 |      65 |   0.0 |       0 |      20 |   0.0 |  1006
           D:3 |       0 |      69 |   0.0 |       0 |      15 |   0.0 |   780
               +---------+---------+-------+---------+---------+-------+---------
